 Dungeon Crawl Stone Soup version 0.27-a0-1189-gb8eb6cee8e (console) character file.

Game seed: 15495797896850804668

40 Hector the Skirmisher (level 3, 0/30 HPs)
             Began as a Formicid Abyssal Knight on May 23, 2021.
             Was a Follower of Lugonu.
             Slain by a goblin
             ... wielding a +0 club
              (4 damage)
             ... on level 2 of the Dungeon.
             The game lasted 00:02:46 (1456 turns).

Hector the Skirmisher (Formicid Abyssal Knight)     Turns: 1456, Time: 00:02:46

Health: 0/30       AC:  5    Str: 17    XL:     3   Next: 72%
Magic:  5/5        EV: 10    Int: 11    God:    Lugonu [*.....]
Gold:   34         SH:  0    Dex: 10    Spells: 2/2 levels left

rFire    . . .     SeeInvis +   a - +1 hand axe
rCold    . . .     Faith    .   (no shield)
rNeg     . . .     Spirit   .   c - +0 ring mail
rPois    .         Reflect  .   (helmet unavailable)
rElec    .         Harm     .   (no cloak)
rCorr    .         Rampage  .   (no gloves)
Will     .....                  (no boots)
Stlth    ..........             (no amulet)
HPRegen  0.10/turn              (no ring)
MPRegen  0.09/turn              (no ring)

@: no status effects
A: permanent stasis, dig shafts and tunnels, antennae 3, four strong arms
a: Dig, Shaft Self, Renounce Religion, Depart the Abyss


You were on level 2 of the Dungeon.
You worshipped Lugonu.
Lugonu was aware of your devotion.
You visited 1 branch of the dungeon, and saw 2 of its levels.
You visited the Abyss 1 time.

You collected 34 gold pieces.

Inventory:

Hand Weapons
 a - a +1 hand axe (weapon)
 f - a +0 trident
Missiles
 d - 16 stones
 i - 6 boomerangs
Armour
 b - a +0 leather armour
 c - a +0 ring mail (worn)
Scrolls
 e - a scroll of enchant armour {unknown}
 j - a scroll of noise {unknown}
 k - a scroll of enchant weapon {unknown}
Potions
 g - a potion of heal wounds {unknown}
 h - a potion of curing


   Skills:
 + Level 3.6 Fighting
 * Level 2.6 Axes
 + Level 2.4 Armour
 + Level 1.1 Dodging
 * Level 3.0 Invocations


You had 2 spell levels left.
You didn't know any spells.
Your spell library was empty.

Dungeon Overview and Level Annotations

Branches:
Dungeon (2/15)

Altars:


Innate Abilities, Weirdness & Mutations

You cannot be hasted, slowed, berserked, paralysed or teleported.
You can dig through walls and to a lower floor.
You have a pair of large antennae on your head. (SInv)
Your four strong arms can wield two-handed weapons with a shield.


Message History

You barely miss the kobold.
The kobold is moderately wounded.
You feel sick. The kobold barely misses you.
You hit the kobold.
You kill the kobold!
Lugonu accepts your kill.
You feel sick.
Okay, then.
You are mildly poisoned (14 -> 10).
Your movement speed is average.
Your attack delay is about 1.1.
Unknown command.
You start resting.
You feel sick. x4
You are no longer poisoned.
You start resting.
You sense a monster nearby.
You start resting.
You sense a monster nearby.
A goblin comes into view. It is wielding a +0 club.
The goblin shouts!
Found 14 stones.
Things that are here:
a +0 dagger of venom; a +0 leather armour The goblin hits you with a +0 club.
Found 12 gold pieces.
You see here a +0 chain mail.
You hit the goblin but do no damage. The goblin closely misses you.
You hit the goblin but do no damage. The goblin hits you with a +0 club.
You hit the goblin but do no damage. The goblin hits you with a +0 club.
You hit the goblin but do no damage. The goblin hits you but does no damage.
The goblin closely misses you.
You barely miss the goblin. The goblin hits you but does no damage.
You closely miss the goblin. The goblin hits you but does no damage.
You closely miss the goblin. The goblin hits you with a +0 club.
* * * LOW HITPOINT WARNING * * *
You closely miss the goblin. The goblin hits you but does no damage.
You barely miss the goblin. The goblin hits you but does no damage.
The goblin hits you with a +0 club.
* * * LOW HITPOINT WARNING * * *
You barely miss the goblin. The goblin hits you with a +0 club.
You die...

....(..........#
........#.#...######
........†..........
........†.........###
.......#............###.
......###...............
.###.####...............
.# #.# #............# ##
#.###.......)@..#
#.##.....##.##g.#
#.......###.# #.#
#.##.##.# #.# ... #
#.##.###.# ...
#.##..##.# ##... #
#.###.#..###.....$
....###.#......# .#
..................


You could see a goblin.

Vanquished Creatures
  A gnoll (D:1)
  3 ball pythons
  3 endoplasms (D:1)
  3 giant cockroaches (D:1)
  A goblin (D:1)
  A hobgoblin (D:2)
  2 jackals (D:1)
  2 kobolds
  2 quokkas
  3 bats
  4 frilled lizards
  2 rats
27 creatures vanquished.

Notes
Turn   | Place    | Note
-------+----------+-------------------------------------------
     0 | Abyss:1  | Hector the Formicid Abyssal Knight began the quest for the
                  | Orb.
     0 | Abyss:1  | Reached XP level 1. HP: 18/18 MP: 2/2
    66 | Abyss:1  | Noticed an ancient zyme
    68 | D:1      | Escaped the Abyss
   387 | D:1      | Reached XP level 2. HP: 23/24 MP: 3/3
   463 | D:1      | Reached skill level 1 in Dodging
   792 | D:1      | Found a faded altar of an unknown god.
   829 | D:1      | Reached XP level 3. HP: 21/29 MP: 5/5
  1248 | D:2      | Reached * piety under Lugonu
  1456 | D:2      | Slain by a goblin

Illustrated notes

Levels and vault maps discovered:
D:1:      lemuel_arrival_broad_hall, layout_rooms,
          ebering_ecumenical_altar_sacrificial
D:2:      layout_rooms, minmay_cut_off

Skill      XL: |  1  2  3 |
---------------+----------+-----
Dodging        | 1 |  1.1
Invocations    | 3 |  3.0
Fighting       | |  3.6
Axes           | |  2.6
Armour         | |  2.4

Action                   || total
-------------------------++-------
Melee: Hand axe          ||   107
Invok: Depart the Abyss  ||     1
  Use: Potion            ||     1
Armor: Ring mail         ||    69
Dodge: Dodged            ||    63

Table legend: (Time is in decaauts)
 A = Elapsed time spent in this place.
 B = Non-inter-level travel time spent in this place.
 C = Inter-level travel time spent in this place.
 D = Time resting spent in this place.
 E = Time spent auto-exploring this place.
 F = Levels seen in this place.
 G = Mean time per level.
                   A        B        C        D        E       F      G
               +--------+--------+--------+--------+--------+-----+--------+
         Total |   1475 |   1474 |      1 |    496 |    696 |   3 |  491.7 |
       Dungeon |   1407 |   1406 |      1 |    496 |    636 |   2 |  703.5 |
         Abyss |     68 |     68 |      0 |      0 |     60 |   1 |   68.0 |
               +--------+--------+--------+--------+--------+-----+--------+

Top non-repeatable levels by time:
     D:1: 1186 daAuts
     D:2: 220 daAuts
 Abyss:1: 68 daAuts
